 Dungeon Crawl Stone Soup version 0.28-a0-724-g66f9036eb4 (webtiles) character file.

Game seed: 5611056328219206762

147 flotson the Sneak (level 5, -3/42 HPs)
             Began as a Demonspawn Delver on Oct 26, 2021.
             Succumbed to Sigmund's poison
             ... on level 2 of the Dungeon.
             The game lasted 00:03:05 (2115 turns).

flotson the Sneak (Demonspawn Delver)               Turns: 2115, Time: 00:03:05

Health: -3/42      AC:  8    Str: 14    XL:     5   Next: 8%
Magic:  5/5        EV: 11    Int: 11    God:
Gold:   58         SH:  0    Dex: 14    Spells: 4/4 levels left

rFire   . . .      SeeInvis .   b - +3 mace (vorpal)
rCold   . . .      Faith    .   (no shield)
rNeg    . . .      Spirit   .   o - +3 ring mail
rPois   .          Reflect  .   (helmet restricted)
rElec   .          Harm     .   (no cloak)
rCorr   .          Rampage  .   (no gloves)
Will    .....                   (no boots)
Stlth   ++........              (no amulet)
HPRegen 0.14/turn               (no ring)
MPRegen 0.09/turn               (no ring)

@: brilliant, lethally poisoned (-3 -> -31), flying
A: antennae 1, ignite blood 1, powered by pain 1
a: no special abilities


You were on level 2 of the Dungeon.
You visited 1 branch of the dungeon, and saw 5 of its levels.

You collected 58 gold pieces.

Inventory:

Hand Weapons
 a - a +0 hand axe
 b - a +3 vorpal mace (weapon)
Armour
 o - a +3 ring mail (worn)
Wands
 g - a wand of digging (3)
 h - a wand of polymorph (9)
Scrolls
 c - a scroll of fog
 d - a scroll of magic mapping
 e - 2 scrolls of fear
 f - a scroll of noise {unknown}
 k - 4 scrolls of enchant weapon {unknown}
 l - a scroll of teleportation {unknown}
 m - 3 scrolls of identify {unknown}
 n - a scroll of enchant armour {unknown}
 t - a scroll of blinking {unknown}
Potions
 q - a potion of lignification {unknown}
 r - a potion of cancellation {unknown}
 s - a potion of heal wounds {unknown}


   Skills:
 + Level 3.8 Fighting
 + Level 2.8 Axes
 + Level 2.0 Armour
 + Level 2.8 Dodging
 - Level 4.5 Stealth


You had 4 spell levels left.
You didn't know any spells.
Your spell library contained the following spells:

 Spells                   Type           Power      Damage    Failure   Level
 Call Canine Familiar     Summ           0%         N/A       91%         3
 Gell's Gravitas          Tloc           0%         N/A       91%         3
 Portal Projectile        Hex/Tloc       0%         N/A       91%         3
 Teleport Other           Tloc           0%         N/A       91%         3
 Leda's Liquefaction      Hex/Erth       0%         N/A       100%        4
 Dispersal                Tloc           0%         N/A       100%        6


Dungeon Overview and Level Annotations

Branches:
Dungeon (5/15)
 Temple: D:4-7

Altars:
Cheibriados

Annotations:
D:2 Sigmund


Innate Abilities, Weirdness & Mutations

You have a pair of small antennae on your head.
Your demonic aura sometimes causes spilled blood to erupt in flames.
You sometimes gain a little power by taking damage.


Message History

You see here 26 stones.
You now have 58 gold pieces (gained 3).
Sigmund shouts!
Sigmund closely misses you. Sigmund casts a spell at you.
You resist with some effort.
You closely miss Sigmund.
Sigmund mumbles some strange words.
Sigmund flickers and vanishes!
Deactivating autopickup; reactivate with Ctrl-A.
You closely miss something. Something hits you.
You are poisoned.
You hit something but do no damage.
You feel very sick.
You hear some strange, mumbled words.
A puff of flame appears from out of thin air!
The puff of flame misses you.
You hit something.
You feel sick. Something hits you.
You are more poisoned.
You closely miss something.
You feel very sick.
You miss something.
You feel very sick. Something hits you.
You are lethally poisoned!
You closely miss something.
* * * LOW HITPOINT WARNING * * *
You feel very sick. Something hits you but does no damage.
It was a potion of flight.
You feel very buoyant.
You fly up into the air.
* * * LOW HITPOINT WARNING * * *
You feel very sick. Something hits you.
* * * LOW HITPOINT WARNING * * *
You are more poisoned.
It was a potion of brilliance.
You feel clever all of a sudden.
You die...

#...#..##..#..#
#...#......#..#
#...##....##†.#
#...##....##[.#
#....##..##...#
#....##..##...#
#.....####....# #..#..#
##....# #######
#.@##..##....## ##.....#
#.{##..##...## ##.###.# #...
.####..## #^.# #.#
..#...####...# ..##
#.#######..#..##..##..#
######.#........#..##..##..#
#........######.#.##....##.#
#.####)### #.#.##....##.#
#.# #.# #...#....†.#.#


There were no monsters in sight!

Vanquished Creatures
  Natasha (thrice) (D:2)
  2 adders
  A dart slug (D:2)
  3 ball pythons
  8 bats
  2 endoplasms
  2 giant cockroaches
  2 goblins
  3 hobgoblins
  8 jackals (D:1)
  2 quokkas (D:1)
  3 frilled lizards
  4 kobolds
  6 rats
49 creatures vanquished.

Notes
Turn   | Place    | Note
-------+----------+-------------------------------------------
     0 | D:5      | flotson the Demonspawn Delver began the quest for the Orb.
     0 | D:5      | Reached XP level 1. HP: 18/18 MP: 1/1
    51 | D:5      | Found a snail-covered altar of Cheibriados.
    51 | D:5      | Noticed an iron imp
   264 | D:3      | Gained mutation: Your demonic aura sometimes causes spilled
                  | blood to erupt in flames. [demonic ancestry]
   264 | D:3      | Reached XP level 2. HP: 16/24 MP: 2/2
   601 | D:1      | Reached skill level 1 in Armour
   612 | D:1      | Gained mutation: You sometimes gain a little power by
                  | taking damage. [demonic ancestry]
   612 | D:1      | Reached XP level 3. HP: 28/29 MP: 3/3
   915 | D:1      | You fall into a shaft and drop 1 floor!
  1595 | D:2      | Noticed Natasha
  1619 | D:2      | Killed Natasha
  1620 | D:2      | Reached XP level 4. HP: 23/36 MP: 4/4
  1841 | D:2      | Noticed Sigmund
  1860 | D:2      | Noticed Natasha
  1865 | D:2      | Killed Natasha
  1893 | D:2      | Found a faded altar of an unknown god.
  1981 | D:2      | Noticed Natasha
  1991 | D:2      | Killed Natasha
  1992 | D:2      | Gained mutation: You have a pair of small antennae on your
                  | head. [demonic ancestry]
  1992 | D:2      | Reached XP level 5. HP: 35/42 MP: 5/5
  2115 | D:2      | Succumbed to Sigmund's poison

Illustrated notes

Levels and vault maps discovered:
D:1:      sevenhm_arrival_forest_fort_large_4, layout_loops_ring
D:2:      layout_rooms, dreamdust_ecumenical_altar_statues, minmay_hedge_maze,
          minmay_misc_feat_x, uniq_natasha, uniq_sigmund
D:3:      layout_rooms, dk_noncrumbling_2, minmay_pentomino_pile
D:4:      layout_loops_ring, old_standard_altar
D:5:      layout_gridville, kennysheep_mini, slow_altar_2, minmay_misc_feat_room

Skill      XL: |  1  2  3  4 |
---------------+-------------+-----
Axes           | 2 |  2.8
Dodging        | 2 |  2.8
Armour         | 1 2 |  2.0
Fighting       | |  3.8
Stealth        | |  4.5

Action                   |  1- 3 |  4- 6 || total
-------------------------+-------+-------++-------
Melee: Hand axe          |   114 |       ||   114
       Mace              |    14 |    29 ||    43
       Unarmed           |     5 |       ||     5
  Use: Potion            |     1 |     2 ||     3
 Stab: Sleeping          |     2 |       ||     2
Armor: Scale mail        |    69 |       ||    69
       Ring mail         |    18 |    13 ||    31
       Skin              |     1 |       ||     1
Dodge: Dodged            |    94 |    15 ||   109

Table legend: (Time is in decaauts)
 A = Elapsed time spent in this place.
 B = Non-inter-level travel time spent in this place.
 C = Inter-level travel time spent in this place.
 D = Time resting spent in this place.
 E = Time spent auto-exploring this place.
 F = Levels seen in this place.
 G = Mean time per level.
                   A        B        C        D        E       F      G
               +--------+--------+--------+--------+--------+-----+--------+
         Total |   2133 |   1958 |    175 |      0 |   1513 |   5 |  426.6 |
       Dungeon |   2133 |   1958 |    175 |      0 |   1513 |   5 |  426.6 |
               +--------+--------+--------+--------+--------+-----+--------+

Top non-repeatable levels by time:
     D:1: 1159 daAuts
     D:2: 710 daAuts
     D:4: 184 daAuts
     D:5: 61 daAuts
     D:3: 18 daAuts
